 Dungeon Crawl Stone Soup version 0.28-a0-649-g2b6bb2fd11 (webtiles) character file.

Game seed: 15005805350898394568

355 Gargoyl the Skirmisher (level 6, -3/53 HPs)
             Began as a Gnoll Abyssal Knight on Oct 11, 2021.
             Was a Believer of Lugonu.
             Killed from afar by Natasha (5 damage)
             ... with a magic dart
             ... on level 4 of the Dungeon.
             The game lasted 00:03:50 (3500 turns).

Gargoyl the Skirmisher (Gnoll Abyssal Knight)       Turns: 3500, Time: 00:03:50

Health: -3/53      AC: 11    Str: 14    XL:     6   Next: 63%
Magic:  9/9        EV: 26    Int: 16    God:    Lugonu [**....]
Gold:   230        SH:  4    Dex: 12    Spells: 9/9 levels left

rFire   . . .      SeeInvis .   a - +3 hand axe (vorpal)
rCold   . . .      Faith    .   d - +0 buckler
rNeg    . . .      Spirit   .   j - +0 ring mail
rPois   .          Reflect  .   c - +2 helmet
rElec   .          Harm     .   (no cloak)
rCorr   .          Rampage  .   i - +1 pair of gloves
Will    .....                   (no boots)
Stlth   +.........              e - amulet of the acrobat
HPRegen 0.17/turn               b - +6 ring of intelligence
MPRegen 0.11/turn               (no ring)

@: acrobatic
A: fangs 1, strong nose, distributed training
a: Renounce Religion, Depart the Abyss, Bend Space


You were on level 4 of the Dungeon.
You worshipped Lugonu.
Lugonu was pleased with you.
You visited 1 branch of the dungeon, and saw 4 of its levels.
You visited the Abyss 1 time.

You collected 230 gold pieces.

Inventory:

Hand Weapons
 a - a +3 vorpal hand axe (weapon)
Armour
 c - a +2 helmet (worn)
 d - a +0 buckler (worn)
 i - a +1 pair of gloves (worn)
 j - a +0 ring mail (worn)
Jewellery
 b - a +6 ring of intelligence (left hand)
 e - an amulet of the acrobat (around neck)
Potions
 g - 2 potions of magic


   Skills:
 + Level 6.8 Fighting
 + Level 2.0 Short Blades
 + Level 2.0 Long Blades
 + Level 5.0 Axes
 + Level 2.0 Maces & Flails
 + Level 2.0 Polearms
 + Level 2.0 Staves
 + Level 2.0 Slings
 + Level 2.0 Bows
 + Level 2.0 Crossbows
 + Level 2.0 Throwing
 + Level 5.0 Armour
 + Level 3.3 Dodging
 + Level 2.0 Stealth
 + Level 2.0 Shields
 + Level 2.0 Unarmed Combat
 + Level 2.0 Spellcasting
 + Level 1.6 Conjurations
 + Level 1.6 Hexes
 + Level 1.6 Summonings
 + Level 1.6 Necromancy
 + Level 1.6 Translocations
 + Level 1.6 Transmutations
 + Level 1.6 Fire Magic
 + Level 1.6 Ice Magic
 + Level 1.6 Air Magic
 + Level 1.6 Earth Magic
 + Level 1.6 Poison Magic
 + Level 5.1 Invocations
 + Level 2.0 Evocations


You had 9 spell levels left.
You didn't know any spells.
Your spell library was empty.

Dungeon Overview and Level Annotations

Branches:
Dungeon (4/15)
 Temple: D:4-7

Altars:

Annotations:
D:4 Natasha


Innate Abilities, Weirdness & Mutations

You have very sharp teeth.
Your uncanny sense of smell can sniff out nearby items.
Your experience applies equally to all skills.


Message History

Your Bows skill increases to level 2!
Your Crossbows skill increases to level 2!
Your Throwing skill increases to level 2!
Your Armour skill increases to level 5!
Your Stealth skill increases to level 2!
Your Shields skill increases to level 2!
Your Unarmed Combat skill increases to level 2!
Your Spellcasting skill increases to level 2!
Your Evocations skill increases to level 2!
Unknown command.
You hit Natasha. Your bite misses Natasha.
Natasha is heavily wounded.
You block Natasha's attack. Natasha claws you.
* * * LOW HITPOINT WARNING * * *
You barely miss Natasha.
Natasha is heavily wounded.
Natasha misses you. Natasha barely misses you.
You barely miss Natasha.
Natasha is heavily wounded.
Natasha claws you but does no damage.
Unknown command.
You slash Natasha!
Natasha is almost dead.
Natasha misses you. Natasha casts a spell at you. The magic dart hits you.
* * * LOW HITPOINT WARNING * * *
Unknown command.
You hit Natasha.
You kill Natasha!
Lugonu accepts your kill.
Natasha screams in fury as she dies!
Unknown command.
You feel yourself speed up.
Natasha, Servant of Life and Death comes into view.
You see here the felid corpse of Natasha.
Natasha is nearby!
Natasha casts a spell at you. The magic dart hits you.
You die...

###########
#.........##
#.######...# #.#
#!.#.. #.# #....#
##########.#####.#.##
#...@...†..h.....#.#
#.########.####..#.#
#.####.###.# #.....
#.......##.# #.....
####.....#.# ##....#
#..††..†...#
#.##.....### #.
##...## #. ##.##


You could see Natasha.

Vanquished Creatures
  An ice beast (D:4)
  2 hounds (D:4)
  Natasha (twice) (D:4)
  An orc wizard (D:3)
  6 adders
  An ufetubus (D:4)
  An adder skeleton (D:4)
  A dart slug (D:3)
  3 orcs (D:3)
  3 endoplasms
  5 giant cockroaches
  6 goblins
  3 hobgoblins
  7 kobolds
  4 ball pythons
  6 bats
  4 frilled lizards
  8 rats
64 creatures vanquished.

Vanquished Creatures (others)
  A hound (D:4)
  A kobold (D:4)
2 creatures vanquished.

Grand Total: 66 creatures vanquished

Notes
Turn   | Place    | Note
-------+----------+-------------------------------------------
     0 | Abyss:1  | Gargoyl the Gnoll Abyssal Knight began the quest for the
                  | Orb.
     0 | Abyss:1  | Reached XP level 1. HP: 23/23 MP: 3/3
   102 | Abyss:2  | Noticed an earth elemental
   177 | Abyss:2  | Noticed a thrashing horror
   184 | Abyss:2  | Noticed a will-o-the-wisp
   188 | D:1      | Escaped the Abyss
   310 | D:1      | Found a faded altar of an unknown god.
   569 | D:1      | Reached * piety under Lugonu
   570 | D:1      | Reached XP level 2. HP: 20/29 MP: 5/5
  1562 | D:2      | Reached XP level 3. HP: 30/35 MP: 6/6
  1900 | D:2      | Reached skill level 1 in Short Blades
  1900 | D:2      | Reached skill level 1 in Long Blades
  1900 | D:2      | Reached skill level 1 in Maces & Flails
  1900 | D:2      | Reached skill level 1 in Polearms
  1900 | D:2      | Reached skill level 1 in Staves
  1900 | D:2      | Reached skill level 1 in Slings
  1900 | D:2      | Reached skill level 1 in Bows
  1900 | D:2      | Reached skill level 1 in Crossbows
  1900 | D:2      | Reached skill level 1 in Throwing
  1900 | D:2      | Reached skill level 1 in Stealth
  1900 | D:2      | Reached skill level 1 in Shields
  1900 | D:2      | Reached skill level 1 in Unarmed Combat
  1900 | D:2      | Reached skill level 1 in Spellcasting
  1900 | D:2      | Reached skill level 1 in Evocations
  2115 | D:2      | Reached XP level 4. HP: 39/41 MP: 7/7
  2557 | D:3      | Reached skill level 1 in Conjurations
  2557 | D:3      | Reached skill level 1 in Hexes
  2557 | D:3      | Reached skill level 1 in Summonings
  2557 | D:3      | Reached skill level 1 in Necromancy
  2557 | D:3      | Reached skill level 1 in Translocations
  2557 | D:3      | Reached skill level 1 in Transmutations
  2557 | D:3      | Reached skill level 1 in Fire Magic
  2557 | D:3      | Reached skill level 1 in Ice Magic
  2557 | D:3      | Reached skill level 1 in Air Magic
  2557 | D:3      | Reached skill level 1 in Earth Magic
  2557 | D:3      | Reached skill level 1 in Poison Magic
  2768 | D:3      | Reached ** piety under Lugonu
  2793 | D:3      | Reached XP level 5. HP: 26/47 MP: 8/8
  3324 | D:4      | Noticed Natasha
  3338 | D:4      | Killed Natasha
  3346 | D:4      | Reached skill level 5 in Invocations
  3455 | D:4      | Noticed an ice beast
  3457 | D:4      | Reached XP level 6. HP: 47/53 MP: 9/9
  3485 | D:4      | Noticed Natasha
  3490 | D:4      | Killed an ice beast
  3491 | D:4      | Reached skill level 5 in Axes
  3491 | D:4      | Reached skill level 5 in Armour
  3494 | D:4      | HP: 1/53 [Natasha/magic dart (4)]
  3495 | D:4      | Killed Natasha
  3496 | D:4      | Noticed Natasha
  3500 | D:4      | Killed from afar by Natasha

Illustrated notes

Levels and vault maps discovered:
D:1:      evilmike_arrival_rings, layout_basic,
          hellmonk_ecumenical_altar_lost_god, roderic_serpentine_path
D:2:      layout_basic
D:3:      layout_loops_ring
D:4:      layout_loops_ring, xom_confusion_cloud, minmay_bisected, uniq_natasha

Skill      XL: |  1  2  3  4  5  6 |
---------------+-------------------+-----
Short Blades   | 1 2 |  2.0
Long Blades    | 1 2 |  2.0
Maces & Flails | 1 2 |  2.0
Polearms       | 1 2 |  2.0
Staves         | 1 2 |  2.0
Slings         | 1 2 |  2.0
Bows           | 1 2 |  2.0
Crossbows      | 1 2 |  2.0
Throwing       | 1 2 |  2.0
Stealth        | 1 2 |  2.0
Shields        | 1 2 |  2.0
Unarmed Combat | 1 2 |  2.0
Spellcasting   | 1 2 |  2.0
Evocations     | 1 2 |  2.0
Conjurations   | 1 |  1.6
Hexes          | 1 |  1.6
Summonings     | 1 |  1.6
Necromancy     | 1 |  1.6
Translocations | 1 |  1.6
Transmutations | 1 |  1.6
Fire Magic     | 1 |  1.6
Ice Magic      | 1 |  1.6
Air Magic      | 1 |  1.6
Earth Magic    | 1 |  1.6
Poison Magic   | 1 |  1.6
Dodging        | 3 |  3.3
Invocations    | 5 |  5.1
Axes           | 5 |  5.0
Armour         | 5 |  5.0
Fighting       | |  6.8

Action                   |  1- 3 |  4- 6 || total
-------------------------+-------+-------++-------
Melee: Hand axe          |   102 |   106 ||   208
       Bite              |    10 |     9 ||    19
Invok: Depart the Abyss  |     1 |       ||     1
  Use: Scroll            |     5 |     8 ||    13
Armor: Leather armour    |    11 |       ||    11
       Ring mail         |    35 |    44 ||    79
Dodge: Dodged            |    96 |    58 ||   154
Block: Buckler           |       |    16 ||    16

Table legend: (Time is in decaauts)
 A = Elapsed time spent in this place.
 B = Non-inter-level travel time spent in this place.
 C = Inter-level travel time spent in this place.
 D = Time resting spent in this place.
 E = Time spent auto-exploring this place.
 F = Levels seen in this place.
 G = Mean time per level.
                   A        B        C        D        E       F      G
               +--------+--------+--------+--------+--------+-----+--------+
         Total |   3523 |   3321 |    202 |      0 |   2604 |   6 |  587.2 |
       Dungeon |   3335 |   3133 |    202 |      0 |   2480 |   4 |  833.8 |
         Abyss |    187 |    187 |      0 |      0 |    124 |   2 |   93.5 |
               +--------+--------+--------+--------+--------+-----+--------+

Top non-repeatable levels by time:
     D:1: 1303 daAuts
     D:3: 1000 daAuts
     D:2: 804 daAuts
     D:4: 226 daAuts
 Abyss:2: 124 daAuts
 Abyss:1: 63 daAuts
